 Dungeon Crawl Stone Soup version 0.29-a0-993-g4a18f31a58 (webtiles) character file.

Game seed: 16205513081733264435

174 snetch the Magician (level 5, 0/37 HPs)
             Began as a Djinni Fire Elementalist on Aug 2, 2022.
             Was an Initiate of Makhleb.
             Slain by a hobgoblin (4 damage)
             ... on level 4 of the Dungeon.
             The game lasted 00:06:30 (2875 turns).

snetch the Magician (Djinni Fire Elementalist)      Turns: 2875, Time: 00:06:30

Health: 0/37       AC:  5    Str:  7    XL:     5   Next: 84%
Gold:   99         EV: 12    Int: 19    God:    Makhleb [......] SH:  0 Dex: 13

rFire   + + .      SeeInvis .   q - +0 falchion
rCold   x . .      Faith    .   u - orb {light}
rNeg    + . .      Spirit   .   r - +0 leather armour
rPois   ∞          Reflect  .   (no helmet)
rElec   .          Harm     .   t - +0 cloak
rCorr   .          Rampage  .   m - +0 pair of gloves
Will    .....                   (boots unavailable)
Stlth   +.........              (no amulet)
HPRegen 0.12/turn               h - ring of positive energy
MPRegen 0.00/turn               (no ring)

@: flying, glowing
A: sickness immunity, fire resistance 2, cold vulnerability 1, float, innate
caster, HP casting, extra vitality 1
a: Renounce Religion


You were on level 4 of the Dungeon.
You worshipped Makhleb.
Makhleb was noncommittal.
You visited 2 branches of the dungeon, and saw 5 of its levels.

You collected 99 gold pieces.

Inventory:

Hand Weapons
 q - a +0 falchion (weapon)
Missiles
 b - 19 stones
 n - 4 curare-tipped darts
 y - a throwing net
Armour
 e - a +0 chain mail
 m - a +0 pair of gloves (worn)
 r - a +0 leather armour (worn)
 t - a +0 cloak (worn)
 u - an orb of light (worn)
Jewellery
 h - a ring of positive energy (left hand)
Scrolls
 a - a scroll of noise {unknown}
 g - a scroll of amnesia {unknown}
 i - a scroll of brand weapon {unknown}
 o - a scroll of poison {unknown}
 s - 2 scrolls of teleportation {unknown}
 v - a scroll of blinking {unknown}
Potions
 c - 2 potions of heal wounds {unknown}
 d - a potion of lignification {unknown}
 f - 2 potions of berserk rage {unknown}
 j - a potion of mutation {unknown}
 k - a potion of cancellation {unknown}
 l - a potion of flight {unknown}
 p - 2 potions of curing {unknown}
 w - a potion of attraction {unknown}
 x - a potion of haste {unknown}


   Skills:
 + Level 1.0 Fighting
 + Level 0.1 Long Blades
 + Level 0.3 Armour
 + Level 2.7 Dodging
 + Level 2.5 Stealth
 + Level 4.0 Spellcasting


You couldn't memorise any spells.
You knew the following spells:

 Your Spells              Type           Power      Damage    Failure   Level
a - Foxfire               Conj/Fire      76%        2x1d7     3%          1
b - Scorch                Fire           38%        2d7       6%          2
c - Conjure Flame         Conj/Fire      19%        6-21      12%         3
d - Inner Flame           Hex/Fire       19%        N/A       12%         3
e - Flame Wave            Conj/Fire      19%        2d7       36%         4
f - Sting                 Tmut/Pois      76%        1d6       3%          1
g - Searing Ray           Conj           38%        2d5       6%          2
Your spell library was empty.

Dungeon Overview and Level Annotations

Branches:
Dungeon (4/15)             Temple (1/1) D:4

Altars:
Ashenzari
Dithmenos
Gozag
Hepliaklqana
Makhleb
Zin

Annotations:
D:3 Robin


Innate Abilities, Weirdness & Mutations

You are immune to sickness and miasma.
You are immune to poison.
Your flesh is very heat resistant. (rF++)
You are vulnerable to cold. (rC-)
You float through the air rather than walking.
You learn spells naturally, not from books.
Your magical power is your life essence.
You have superior vitality. (+4 MHP)


Message History

Confirm with . or Enter, or press ? or * to list all spells.
You can't see any susceptible monsters within range! (Use Z to cast anyway.)
Casting: Sting (safe; 4% risk of failure)
Confirm with . or Enter, or press ? or * to list all spells.
Aiming: Searing Ray (safe; 6% risk of failure)
Press: ? - help, Shift-Dir - straight line, f - gnoll
Aim: a gnoll, wielding a +0 club (haloed, 86% to hit)
The searing ray hits the gnoll.
The gnoll is lightly wounded. (Press . to maintain the ray.)
* * * LOW HITPOINT WARNING * * *
The searing ray hits the gnoll.
The gnoll is heavily wounded.
* * * LOW HITPOINT WARNING * * *
The gnoll hits you with a +0 club.
* * * LOW HITPOINT WARNING * * *
The searing ray hits the gnoll.
The gnoll is almost dead.
* * * LOW HITPOINT WARNING * * *
The gnoll barely misses you.
The searing ray hits the gnoll.
You kill the gnoll!
Makhleb accepts your kill.
* * * LOW HITPOINT WARNING * * *
You finish channelling your searing ray.
Your Spellcasting skill increases to level 4!
Things that are here:
a +0 club; a +0 club
b - 19 stones (gained 1)
You see here a +0 club.
Found a broken altar of Ashenzari.
There is a fountain of sparkling water here.
Things that are here:
a +0 spear; a gnoll corpse A hobgoblin comes into view.
The hobgoblin shouts!
The hobgoblin hits you.
* * * LOW HITPOINT WARNING * * *
You hit the hobgoblin but do no damage. The hobgoblin hits you.
You die...

####### ##.....
##...⌠. #.._..
#.... #.⌠g##
#..@.#####
#.._.)...#
##...⌠...#
##...)).###########
######..))........
#######.(....
#...... #......
#..§...


You could see a hobgoblin.

Vanquished Creatures
  8 gnolls
  4 adders (D:2)
  An ufetubus (D:4)
  3 worms (D:2)
  3 ball pythons
  3 endoplasms
  4 giant cockroaches
  6 goblins
  2 hobgoblins
  4 quokkas
  5 bats
  5 frilled lizards
  3 kobolds
  4 rats
55 creatures vanquished.

Vanquished Creatures (others)
  117 foxfires
117 creatures vanquished.

Grand Total: 172 creatures vanquished

Notes
Turn   | Place    | Note
-------+----------+-------------------------------------------
     0 | D:1      | snetch the Djinni Fire Elementalist began the quest for the
                  | Orb.
     0 | D:1      | snetch set off with the following spells memorised:
                  | Foxfire, Scorch, Conjure Flame, Inner Flame, Flame Wave.
     0 | D:1      | Reached XP level 1. HP: 15/15 MP: 0/0
    64 | D:3      | Noticed Robin
    64 | D:3      | Noticed an orc wizard
   128 | D:2      | Reached XP level 2. HP: 17/21 MP: 0/0
   447 | D:1      | Reached skill level 3 in Spellcasting
   506 | D:1      | Reached XP level 3. HP: 22/25 MP: 0/0
   506 | D:1      | Learned a level 1 spell: Sting
  1644 | D:2      | Reached XP level 4. HP: 22/31 MP: 0/0
  2040 | D:2      | Reached XP level 5. HP: 33/36 MP: 0/0
  2040 | D:2      | Learned a level 2 spell: Searing Ray
  2739 | D:4      | Found a staircase to the Ecumenical Temple.
  2758 | Temple   | Entered the Ecumenical Temple
  2776 | Temple   | Became a worshipper of Makhleb the Destroyer
  2830 | D:4      | Found a hazy altar of Hepliaklqana.
  2841 | D:4      | Reached skill level 1 in Fighting
  2868 | D:4      | Reached skill level 4 in Spellcasting
  2871 | D:4      | Found a broken altar of Ashenzari.
  2875 | D:4      | Slain by a hobgoblin

Illustrated notes

Levels and vault maps discovered:
D:1:      heliophobic_arrival_henge, layout_loops_ring, hangedman_decor_riveting
D:2:      layout_basic
D:3:      layout_rooms, elyvilon_altar_3, serial_shops, shop,
          ebering_ecumenical_altar_webs, uniq_terence, uniq_natasha, uniq_robin
D:4:      layout_rooms, nicolae_overflow_hallway_of_the_gods,
          minmay_temple_entry_glassed_door,
          nicolae_ossuary_entry_false_entrances
Temple:   hellmonk_temple_forest_ring

Skill      XL: |  1  2  3  4  5 |
---------------+----------------+-----
Spellcasting   | 3 4 |  4.0
Stealth        | 2 |  2.5
Fighting       | 1 |  1.0
Long Blades    | |  0.1
Armour         | |  0.3
Dodging        | |  2.7

Action                   |  1- 3 |  4- 6 || total
-------------------------+-------+-------++-------
Melee: Unarmed           |     5 |       ||     5
       Falchion          |       |     9 ||     9
 Cast: Foxfire           |    38 |    39 ||    77
       Scorch            |     8 |    12 ||    20
       Searing Ray       |       |     2 ||     2
       Sting             |       |     1 ||     1
 Stab: Sleeping          |       |     1 ||     1
Armor: Robe              |     1 |       ||     1
       Leather armour    |       |     5 ||     5
Dodge: Dodged            |    10 |     7 ||    17

Table legend: (Time is in decaauts)
 A = Elapsed time spent in this place.
 B = Non-inter-level travel time spent in this place.
 C = Inter-level travel time spent in this place.
 D = Time resting spent in this place.
 E = Time spent auto-exploring this place.
 F = Levels seen in this place.
 G = Mean time per level.
                   A        B        C        D        E       F      G
               +--------+--------+--------+--------+--------+-----+--------+
         Total |   2878 |   2805 |     73 |    116 |   2029 |   5 |  575.6 |
       Dungeon |   2841 |   2768 |     73 |    116 |   2029 |   4 |  710.2 |
        Temple |     36 |     36 |      0 |      0 |      0 |   1 |   36.0 |
               +--------+--------+--------+--------+--------+-----+--------+

Top non-repeatable levels by time:
     D:1: 1292 daAuts
     D:2: 1196 daAuts
     D:3: 220 daAuts
     D:4: 133 daAuts
  Temple: 36 daAuts
